 Dungeon Crawl Stone Soup version 0.29.1-15-g9cfb28693d (webtiles) character file.

Game seed: 2959680874754406674

1075 hawla the Stinger (level 8, 0/59 HPs)
             Began as a Meteoran Fire Elementalist on Feb 22, 2023.
             Was a Follower of Vehumet.
             Shot with a bolt by an orc warrior (11 damage)
             ... in a bailey.
             The game lasted 00:10:21 (1799 turns).

hawla the Stinger (Meteoran Fire Elementalist)      Turns: 1799, Time: 00:10:22

Health: 0/59       AC:  7    Str:  9    XL:     8   Next: 84%
Magic:  8/17       EV: 13    Int: 18    God:    Vehumet [*.....]
Gold:   173        SH:  0    Dex: 16    Spells: 6/17 levels left

rFire   . . .      SeeInvis .   j - +1 flail (holy)
rCold   . . .      Faith    .   (no shield)
rNeg    . . .      Spirit   .   a - +2 robe
rPois   .          Reflect  .   (no helmet)
rElec   .          Harm     .   (no cloak)
rCorr   .          Rampage  .   l - +2 pair of gloves {hurl}
Will    +....                   (no boots)
Stlth   +.........              (no amulet)
HPRegen 0.19/turn               c - ring of flight
MPRegen 0.15/turn               (no ring)

@: brilliant, radiating poison, flying, glowing
A: sense surroundings 1, otherworldly, glowing, explore regen, subdued magic 1
a: Renounce Religion


You were in a bailey.
You worshipped Vehumet.
Vehumet was aware of your devotion.
You visited 1 branch of the dungeon, and saw 8 of its levels.
You also visited: Bailey.

You collected 173 gold pieces.

Inventory:

Hand Weapons
 j - a +1 flail of holy wrath (weapon)
Armour
 a - a +2 robe (worn)
 l - a +2 pair of gloves of hurling (worn)
Jewellery
 c - a ring of flight (left hand)
Scrolls
 g - a scroll of teleportation
 h - 2 scrolls of fear
Potions
 e - a potion of berserk rage
 f - 2 potions of cancellation
 m - a potion of haste


   Skills:
 + Level 1.5 Fighting
 + Level 0.6 Maces & Flails
 + Level 3.3 Dodging
 - Level 1.4 Stealth
 + Level 5.4 Spellcasting
 + Level 5.1 Conjurations
 + Level 5.9 Fire Magic
 + Level 6.5 Poison Magic


You had 6 spell levels left.
You knew the following spells:

 Your Spells              Type           Power      Damage    Failure   Level
a - Foxfire               Conj/Fire      100%       2x1d9     1%          1
b - Scorch                Fire           60%        2d8       1%          2
c - Flame Wave            Conj/Fire      28%        2d9       11%         4
d - Olgreb's Toxic Radia  Pois           33%        N/A       7%          4

Your spell library contained the following spells:

 Spells                   Type           Power      Damage    Failure   Level
 Magic Dart               Conj           100%       1d8       1%          1
 Conjure Flame            Conj/Fire      28%        6-21      3%          3
 Spider Form              Tmut/Pois      19%        N/A       8%          3
 Inner Flame              Hex/Fire       18%        N/A       9%          3
 Beastly Appendage        Tmut           10%        N/A       11%         1
 Ensorcelled Hibernation  Hex/Ice        10%        N/A       16%         2
 Wereblood                Tmut           5%         N/A       16%         2
 Anguish                  Hex/Necr       2%         N/A       73%         4
 Ozocubu's Refrigeration  Ice            2%         4d8       100%        7
 Ignition                 Fire           15%        3d6       100%        8


Dungeon Overview and Level Annotations

Branches:
Dungeon (8/15) Zot: 3013   Bailey (1/1) Zot: 580
 Temple: D:4-7         Lair: D:8-11

Altars:
Okawaru
Uskayaw
Vehumet


Innate Abilities, Weirdness & Mutations

You passively map a small area around you.
You are easily found by Zot.
You glow in the dark.
You regain HP and MP as you explore.
Your spells are a little easier to cast, but a little less powerful.


Message History

Nothing appears to happen.
You kill the orc!
Vehumet accepts your kill.
The orc warrior shoots a bolt.
The bolt hits you.
Casting: Foxfire (safe; 1% risk of failure)
Confirm with . or Enter, or press ? or * to list all spells.
You conjure some foxfire!
Casting: Foxfire (safe; 1% risk of failure)
Confirm with . or Enter, or press ? or * to list all spells.
You begin to radiate toxic energy.
The orc warrior is poisoned.
The orc warrior looks even sicker. x2
The foxfire hits the orc warrior but does no damage.
The orc warrior is moderately wounded.
The orc warrior shoots a bolt.
The bolt closely misses you.
Casting: Olgreb's Toxic Radiance (dangerous; 9% risk of failure)
Confirm with . or Enter, or press ? or * to list all spells.
You conjure some foxfire!
The orc warrior looks even sicker.
Your toxic aura wanes.
The foxfire hits the orc warrior.
The orc warrior is moderately wounded.
The orc warrior shoots a bolt.
The bolt hits you!!
* * * LOW HITPOINT WARNING * * *
It was a potion of mutation.
You feel extremely strange.
Your connection to magic feels subdued.
The foxfire hits the orc warrior.
The orc warrior is heavily wounded.
The foxfire hits the orc warrior.
The orc warrior is heavily wounded.
It was a potion of cancellation.
You feel magically purged.
Your magical contamination has completely faded away.
It was a potion of brilliance.
You feel clever all of a sudden.
The orc warrior shoots a bolt.
The bolt hits you.
* * * LOW HITPOINT WARNING * * *
Unknown command.
Casting: Foxfire (safe; 1% risk of failure)
Confirm with . or Enter, or press ? or * to list all spells.
You feel a surge of power!
You begin to radiate toxic energy.
The orc warrior shoots a bolt.
The bolt hits you!
You die...

#.........
#.........
#.........
#.........
#.........,
#.........
#.....o...
,
#.@...o...
#......≈≈.
~
#.....≈≈#)
#.....≈##.
#.....≈#..
, ,
#.....≈##.
#.....≈≈##
#......≈≈≈
,
#.........
,


You could see 2 orc warriors.

Vanquished Creatures
  An unseen horror (D:8)
  An orc warrior (D:7)
  An ice beast (D:8)
  An ogre (D:6)
  A scorpion (D:5)
  A howler monkey (D:8)
  2 hounds
  An orc priest (D:8)
  A gnoll bouda (D:6)
  A jelly (D:7)
  3 orc wizards
  4 adders
  8 gnolls
  A white imp (D:8)
  4 dart slugs
  23 orcs
  3 ball pythons
  3 bats
  7 endoplasms
  3 giant cockroaches
  4 goblins
  3 hobgoblins
  7 jackals
  5 kobolds
  3 quokkas
  3 frilled lizards
  3 rats
98 creatures vanquished.

Vanquished Creatures (others)
  150 foxfires
150 creatures vanquished.

Grand Total: 248 creatures vanquished

Notes
Turn   | Place    | Note
-------+----------+-------------------------------------------
     0 | D:1      | hawla the Meteoran Fire Elementalist began the quest for
                  | the Orb.
     0 | D:1      | Reached XP level 1. HP: 14/14 MP: 5/5
   132 | D:1      | Reached XP level 2. HP: 20/20 MP: 0/6
   135 | D:1      | Learned a level 2 spell: Scorch
   202 | D:1      | Reached XP level 3. HP: 24/26 MP: 2/8
   381 | D:2      | Reached XP level 4. HP: 10/33 MP: 3/10
   386 | D:2      | Learned a level 4 spell: Flame Wave
   822 | D:3      | Reached XP level 5. HP: 33/38 MP: 6/11
   939 | D:3      | Reached XP level 6. HP: 6/45 MP: 0/12
  1062 | D:3      | Found an iron altar of Okawaru.
  1094 | D:3      | Found a radiant altar of Vehumet.
  1094 | D:3      | Found a hide-covered altar of Uskayaw.
  1099 | D:3      | Became a worshipper of Vehumet
  1221 | D:5      | Entered Level 5 of the Dungeon
  1233 | D:5      | Noticed a yak
  1262 | D:6      | Noticed an ogre
  1266 | D:6      | Killed an ogre
  1267 | D:6      | Reached skill level 1 in Fighting
  1267 | D:6      | Reached skill level 5 in Fire Magic
  1267 | D:6      | Reached XP level 7. HP: 52/52 MP: 6/15
  1418 | D:7      | Reached skill level 5 in Spellcasting
  1423 | D:7      | Learned a level 4 spell: Olgreb's Toxic Radiance
  1436 | D:7      | Reached skill level 1 in Poison Magic
  1443 | D:7      | Reached skill level 3 in Poison Magic
  1574 | D:8      | Reached skill level 4 in Poison Magic
  1574 | D:8      | Reached XP level 8. HP: 59/59 MP: 6/16
  1640 | D:8      | Killed an unseen horror
  1641 | D:8      | Reached skill level 6 in Poison Magic
  1699 | D:8      | Reached * piety under Vehumet
  1699 | D:8      | Offered knowledge of Magic Dart by Vehumet.
  1707 | D:8      | Reached skill level 5 in Conjurations
  1771 | D:8      | Found a flagged portal.
  1780 | Bailey   | Entered a bailey
  1796 | Bailey   | Gained mutation: Your spells are a little easier to cast,
                  | but a little less powerful. [potion of mutation]
  1799 | Bailey   | Shot with a bolt by an orc warrior

Illustrated notes

Levels and vault maps discovered:
D:1:      giann_wishing_wells, layout_basic,
          hellmonk_ecumenical_altar_defaced_shrine
D:2:      layout_basic, chequers_serial_rivers_small_b
D:3:      layout_loops_corners, grunt_temple_overflow_gold_and_silver,
          minitemple
D:4:      layout_layer_cave, nicolae_dithmenos_shadow_blocks,
          pdpol_wu_jian_five_deadly_venoms, amcnicky_altar_gilded
D:5:      cheibrodos_two_vegetables, layout_loops_ring, kiku_gazebo_pond_becter,
          nicolae_overflow_crystal_walls, minmay_temple_entry_ruins,
          minmay_manual_mess, uniq_ijyb
D:6:      layout_loops_corners, due_unseen_surprise
D:7:      kennysheep_big_flooded_room, layout_basic
D:8:      layout_basic, fedhas_altar_4, enter_bailey_7, serial_shops, shop
Bailey:   bailey_polearm_2, bailey

Skill      XL: |  1  2  3  4  5  6  7  8 |
---------------+-------------------------+-----
Fire Magic     | 4 5 |  5.9
Spellcasting   | 3 4 5 |  5.4
Conjurations   | 3 4 5 |  5.1
Dodging        | 3 |  3.3
Fighting       | 1 |  1.5
Poison Magic   | 4 6 |  6.5
Maces & Flails | |  0.6
Stealth        | |  1.4

Action                   |  1- 3 |  4- 6 |  7- 9 || total
-------------------------+-------+-------+-------++-------
Melee: Unarmed           |    18 |     5 |       ||    23
       Flail             |       |     1 |    18 ||    19
 Cast: Foxfire           |    33 |    40 |    18 ||    91
       Scorch            |       |    27 |    12 ||    39
       Flame Wave        |       |       |     7 ||     7
       Olgreb's Toxic Ra |       |       |     3 ||     3
  Use: Potion            |       |     2 |     4 ||     6
       Scroll            |       |       |    11 ||    11
Armor: Robe              |    10 |     7 |    17 ||    34
Dodge: Dodged            |    21 |    24 |    35 ||    80
